 Dungeon Crawl Stone Soup version 0.21.1-1-g345015f (webtiles) character file.

4361 sking99 the Basher (level 10, -32/88 HPs)
             Began as a Minotaur Berserker on June 20, 2018.
             Was a High Priest of Trog.
             Annihilated by a titanic slime creature (69 damage)
             ... on level 8 of the Dungeon.
             The game lasted 00:30:34 (7673 turns).

sking99 the Basher (Minotaur Berserker)             Turns: 7673, Time: 00:30:35

Health: -32/88     AC: 15    Str: 22    XL:     10   Next: 12%
Magic:  9/9        EV:  5    Int:  7    God:    Trog [*****.]
Gold:   714        SH: 16    Dex: 13    Spells: 9/9 levels left

rFire    . . .     SeeInvis .   w - +9 mace of Kinlenua {crush, *Slow Int+3}
rCold    . . .     Gourm    .   m - +2 large shield
rNeg     . . .     Faith    .   j - +0 plate armour
rPois    .         Spirit   .   (helmet restricted)
rElec    .         Reflect  .   (no cloak)
rCorr    .         Harm     .   e - +0 pair of gloves
MR       .....                  t - +0 pair of boots
Stlth    ..........             (no amulet)
HPRegen  0.24/turn              (no ring)
MPRegen  0.11/turn              (no ring)

@: no status effects
A: retaliatory headbutt, horns 2
a: Berserk, Trog's Hand, Brothers in Arms, Burn Spellbooks, Renounce Religion


You were on level 8 of the Dungeon.
You worshipped Trog.
Trog was extremely pleased with you.
You were very hungry.

You visited 1 branch of the dungeon, and saw 8 of its levels.
You also visited: Ossuary.

You collected 747 gold pieces.
You spent 33 gold pieces at shops.

Inventory:

Hand Weapons
 a - a +0 mace
 r - a +2 mace of protection
 w - the +9 mace of Kinlenua (weapon) {crush, *Slow Int+3}
   (You found it on level 5 of the Dungeon)

   It inflicts extra damage upon your enemies.
   It affects your intelligence (+3).
   It may slow you when you take damage.
 z - a cursed -1 morningstar
Armour
 b - a +0 animal skin
 d - a +0 leather armour
 e - a +0 pair of gloves (worn)
 j - a +0 plate armour (worn)
 m - a +2 large shield (worn)
 t - a +0 pair of boots (worn)
Wands
 G - a wand of iceblast (7)
Scrolls
 f - 7 scrolls of remove curse
 g - 5 scrolls of identify
 h - 4 scrolls of amnesia
 n - 6 scrolls of random uselessness
 q - 2 scrolls of blinking
 s - 5 scrolls of teleportation
 y - a scroll of noise {unknown}
 B - 2 scrolls of fear {unknown}
 C - a scroll of fog {unknown}
 E - a scroll of magic mapping
 H - a scroll of immolation {unknown}
Potions
 i - a potion of cancellation
 k - 2 potions of lignification
 l - 2 potions of curing
 o - a potion of resistance
 p - 5 potions of heal wounds
 u - a potion of ambrosia
 v - 2 potions of might
 x - 2 potions of mutation
 A - a potion of invisibility {unknown}
 D - a potion of brilliance {unknown}
 F - a potion of haste {unknown}
 I - a potion of agility {unknown}
Comestibles
 c - 7 rations


   Skills:
 + Level 7.7 Fighting
 * Level 12.6 Maces & Flails
 + Level 7.1 Armour
 + Level 6.5 Dodging
 + Level 4.2 Shields


You had 9 spell levels left.
You didn't know any spells.

Dungeon Overview and Level Annotations

Branches:
Dungeon (8/15)             Temple (0/1) D:5
   Lair: D:8-11

Altars:
Gozag
Hepliaklqana
Nemelex Xobeh
Sif Muna
Trog
Uskayaw
Xom

Shops:
D:4 (   D:5 ?   D:7 *


Innate Abilities, Weirdness & Mutations

You reflexively headbutt those who attack you in melee.
You have a pair of horns on your head.


Message History

The slime creature hits you. The slime creature hits you!
You sock the slime creature!
The slime creature is almost dead.
You block the slime creature's attack.
The slime creature hits you but does no damage.
Two slime creatures merge to form a large slime creature.
The slime creature hits you!
Two slime creatures merge to form a very large slime creature.
You block the slime creature's attack.
Two slime creatures merge to form a large slime creature.
You block the very large slime creature's attack.
Two slime creatures merge to form a titanic slime creature.
You see here a quarterstaff.
You feel yourself speed up.
You recover from your berserk rage.
Things that are here:
a club; a flail; a leather armour The titanic slime creature hits you!!!
Ouch! That really hurt!
You die...

#.##...# #.####^# #.#
..# # #.# #..... ###
#.######..##
.....####...........
.............).......
.....####.#####..#.#.
... #@# # # #J# ## #
#.# .. #.#.# .####.
#.#)##..... #....#..#
###.....# #.#...#
#.#.#.#


You could see a titanic slime creature.

Vanquished Creatures
  The ghost of tyranidshit the Fighter, a novice DsAK of Lugonu (D:6)
  2 hippogriffs
  Menkaure (D:6)
  A phantom (D:7)
  2 sky beasts
  3 ice beasts
  A black bear (D:8)
  An ogre (D:6)
  4 centaurs
  5 bullfrogs
  A water moccasin zombie (D:8)
  2 elf skeletons (D:7)
  3 killer bees (D:7)
  6 wights
  An electric eel (D:6)
  2 crimson imps
  A centaur zombie (D:5)
  2 bullfrog zombies
  A quasit (D:7)
  A hound (D:5)
  A bullfrog skeleton (D:7)
  4 orc priests
  A jelly (D:6)
  4 orc wizards
  4 iguanas
  2 centaur skeletons
  A human skeleton (D:7)
  7 worker ants
  8 big kobold zombies (Ossuary)
  A mummy (Ossuary)
  A worker ant zombie (D:7)
  2 howler monkey skeletons
  10 gnolls
  18 adders
  3 shadow imps
  2 adder zombies
  2 adder skeletons (D:6)
  2 worms (D:2)
  3 dart slugs
  8 leopard geckos
  44 orcs
  2 spectral bats (Ossuary)
  8 giant cockroaches
  4 gnoll zombies (Ossuary)
  4 goblins
  8 hobgoblins
  3 jackals (D:2)
  2 quokkas (D:7)
  A ball python (D:3)
  10 bats
  6 bat simulacra (Ossuary)
  4 frilled lizards
  2 goblin simulacra (Ossuary)
  2 goblin zombies (Ossuary)
  5 hobgoblin zombies (Ossuary)
  A jackal zombie (D:6)
  4 kobolds
  2 kobold simulacra (Ossuary)
  8 kobold zombies (Ossuary)
  2 orc skeletons (D:7)
  4 orc zombies
  10 rats
  2 rat simulacra (Ossuary)
  2 spectral goblins (Ossuary)
  2 spectral kobolds (Ossuary)
  4 spectral rats (Ossuary)
  A fungus (D:6)
272 creatures vanquished.

Notes
Turn   | Place    | Note
-------+----------+-------------------------------------------
     0 | D:1      | sking99 the Minotaur Berserker began the quest for the Orb.
     0 | D:1      | Reached XP level 1. HP: 19/19 MP: 0/0
   333 | D:1      | Reached skill level 4 in Maces & Flails
   333 | D:1      | Reached XP level 2. HP: 19/27 MP: 1/1
  1259 | D:2      | Reached XP level 3. HP: 27/33 MP: 2/2
  1407 | D:2      | Reached skill level 5 in Maces & Flails
  1473 | D:2      | Reached ** piety under Trog
  1794 | D:2      | Noticed a moth of wrath
  1796 | D:2      | Found a bloodstained altar of Trog.
  1810 | D:2      | Reached XP level 4. HP: 22/40 MP: 3/3
  2387 | D:2      | Reached skill level 6 in Maces & Flails
  2554 | D:3      | Reached XP level 5. HP: 46/46 MP: 4/4
  2557 | D:3      | Reached skill level 7 in Maces & Flails
  2740 | D:3      | Found a shimmering altar of Xom.
  2743 | D:3      | Found a hide-covered altar of Uskayaw.
  2753 | D:3      | Reached *** piety under Trog
  2919 | D:3      | Found a hazy altar of Hepliaklqana.
  2919 | D:3      | Noticed a sky beast
  2921 | D:3      | Found a transporter.
  2941 | D:3      | Found a transporter.
  3227 | D:3      | Killed a sky beast
  3227 | D:3      | Reached skill level 8 in Maces & Flails
  3227 | D:3      | Reached XP level 6. HP: 52/52 MP: 5/5
  3454 | D:4      | Reached skill level 9 in Maces & Flails
  3573 | D:4      | Found Udaitonk's Weapon Shoppe.
  3852 | D:5      | Entered Level 5 of the Dungeon
  3916 | D:5      | Reached **** piety under Trog
  3920 | D:5      | Reached XP level 7. HP: 36/59 MP: 6/6
  4110 | D:5      | Found a sparkling altar of Nemelex Xobeh.
  4157 | D:5      | Found Zuivia's Magic Scroll Shoppe.
  4173 | D:5      | Bought a scroll of teleportation for 33 gold pieces
  4261 | D:5      | Found a staircase to the Ecumenical Temple.
  4616 | D:5      | Reached skill level 10 in Maces & Flails
  4624 | D:5      | Got a twisted mace
  4625 | D:5      | Identified the +9 mace of Kinlenua {crush, *Slow Int+3} (You found it on level 5 of the Dungeon)
  4638 | D:5      | Reached skill level 5 in Fighting
  4643 | D:5      | Reached XP level 8. HP: 52/68 MP: 7/7
  4999 | D:6      | Noticed tyranidshit's ghost (novice DsAK)
  5008 | D:6      | Killed tyranidshit's ghost
  5032 | D:6      | Noticed Menkaure
  5039 | D:6      | Killed Menkaure
  5039 | D:6      | Reached skill level 5 in Armour
  5044 | D:6      | Reached skill level 11 in Maces & Flails
  5181 | D:6      | Reached skill level 5 in Dodging
  5382 | D:6      | Noticed a hippogriff
  5401 | D:6      | Killed a hippogriff
  5401 | D:6      | Reached skill level 1 in Shields
  5401 | D:6      | Reached XP level 9. HP: 70/77 MP: 8/8
  5935 | D:6      | Found a deep blue altar of Sif Muna.
  6011 | D:6      | Reached ***** piety under Trog
  6311 | D:7      | Received a gift from Trog
  6311 | D:7      | Reached skill level 12 in Maces & Flails
  6449 | D:7      | Found an opulent altar of Gozag.
  6449 | D:7      | Found Gozag's Platinum Reserve.
  6777 | D:7      | Found a sand-covered staircase.
  6782 | Ossuary  | Entered an ossuary
  7072 | D:7      | Received a gift from Trog
  7181 | D:7      | Reached XP level 10. HP: 82/86 MP: 9/9
  7673 | D:8      | Annihilated by a titanic slime creature

Skill      XL: |  1  2  3  4  5  6  7  8  9 10 |
---------------+-------------------------------+-----
Maces & Flails | 4 5 6 8 9 10 11 12 | 12.6
Fighting       | 4 5 6 7 |  7.7
Armour         | 3 4 5 6 7 |  7.1
Dodging        | 3 5 6 |  6.5
Shields        | 1 3 4 |  4.2

Action                   |  1- 3 |  4- 6 |  7- 9 | 10-12 || total
-------------------------+-------+-------+-------+-------++-------
Melee: Mace              |   112 |   146 |   331 |    55 ||   644
       Headbutt          |    14 |    28 |    63 |    11 ||   116
Invok: Berserk           |     3 |     4 |     7 |     1 ||    15
       Burn Spellbooks   |       |       |     1 |       ||     1
  Use: Scroll            |       |     6 |     6 |       ||    12
  Eat: Chunk             |     3 |     6 |    13 |     2 ||    24
       Ration            |     1 |     1 |     1 |       ||     3
Armor: Leather armour    |     7 |       |       |       ||     7
       Plate armour      |    82 |    99 |    98 |    14 ||   293
Dodge: Dodged            |    60 |    66 |    59 |     5 ||   190
Block: Large shield      |       |       |   131 |    31 ||   162
